 Dungeon Crawl Stone Soup version 0.20-a0-709-gd40821f (webtiles) character file.

458 KristoblXynda the Twirler (level 6, -2/48 HPs)
             Began as a Draconian Gladiator on Feb 21, 2017.
             Was an Initiate of Ashenzari.
             Slain by a gnoll
             ... wielding a +0 spear
              (7 damage)
             ... on level 4 of the Dungeon.
             The game lasted 00:09:48 (3794 turns).

KristoblXynda the Twirler (Draconian Gladiator)     Turns: 3794, Time: 00:09:49

Health: -2/48      AC:  6    Str: 16    XL:     6   Next: 77%
Magic:  6/6        EV: 14    Int: 10    God:    Ashenzari [......]
Gold:   117        SH:  0    Dex: 15    Spells: 5/5 levels left

rFire    . . .     SeeInvis .   a - +1 quarterstaff (curse)
rCold    . . .     Gourm    .   (armour unavailable)
rNeg     . . .     Faith    .   (shield currently unavailable)
rPois    .         Spirit   .   b - +0 hat
rElec    .         Reflect  .   (no cloak)
rCorr    .         Harm     .   (no gloves)
MR       .....                  (no boots)
Stlth    ++........             (no amulet)
Regen    0.2/turn               (no ring)
MPRegen  0.1/turn               e - +2 ring of dexterity

@: no status effects
A: unfitting armour, cold-blooded, AC +6
a: Curse Item, Renounce Religion


You were on level 4 of the Dungeon.
You worshipped Ashenzari.
Ashenzari was noncommittal.
You were not hungry.

You visited 1 branch of the dungeon, and saw 4 of its levels.

You collected 117 gold pieces.

Inventory:

Hand Weapons
 a - a cursed +1 quarterstaff (weapon)
Missiles
 c - 2 throwing nets (quivered)
Armour
 b - a +0 hat (worn)
Jewellery
 e - a +2 ring of dexterity (left hand)
Wands
 n - a wand of random effects (3/48)
 p - a wand of confusion (45/48)
Scrolls
 g - a scroll of magic mapping
 h - 3 scrolls of identify
 j - a scroll of immolation
 l - a scroll of remove curse
Potions
 k - a potion of brilliance
 m - a potion of heal wounds
Comestibles
 d - a bread ration
 f - a meat ration
 i - 2 fruits


   Skills:
 - Level 2.1 Fighting
 + Level 5.0 Staves
 - Level 2.2 Throwing
 - Level 4.4 Dodging
 + Level 3.6 Stealth
 + Level 0.8 Evocations


You had 5 spell levels left.
You didn't know any spells.

Dungeon Overview and Level Annotations

Branches:
Dungeon (4/15)
 Temple: D:4-7

Altars:
Ashenzari
Cheibriados
Elyvilon
Hepliaklqana
Kikubaaqudgha


Innate Abilities, Weirdness & Mutations

Your plain brown scales are hard. (AC +6)
You cannot fit into any form of body armour.
You are cold-blooded and may be slowed by cold attacks.


Message History

The puff of flame hits the gnoll.
The gnoll is severely wounded.
Evoking this partially-identified wand wasted a few charges.
The gnoll barely misses you.
Evoke which item? (* to show all) (? for menu, Esc to quit)
Aiming: Random Effects (will waste charges)
Press: ? - help, Shift-Dir - straight line, f/p - gnoll
Aim: a gnoll, wielding a spear (severely wounded, fast+slow)
The gnoll seems to slow down.
Evoking this partially-identified wand wasted a few charges.
The gnoll hits you from afar with a spear.
* * * LOW HITPOINT WARNING * * *
Evoke which item? (* to show all) (? for menu, Esc to quit)
Aiming: Confuse (will waste charges)
Press: ? - help, Shift-Dir - straight line, f/p - gnoll
Aim: a gnoll, wielding a spear (severely wounded, fast+slow, chance to defeat MR: 56%)
The gnoll resists with significant effort.
Evoking this partially-identified wand wasted a few charges.
The gnoll hits you from afar with a spear!
You die...

##########
.........#
########.# ##
#.....# ).
#.###.### #.
#.###...# #.
####.##....######.
#......._......##.
#@####....##.#....
#.# #...###.####.
#g# ###.# #.# #.
#g# #.....####.
#g# #.#####....
#.# ####. #g#
........ #.#
######## #.#


You could see 4 gnolls.

Vanquished Creatures
  The ghost of Doomer the Stinger, an amateur DsVM (D:3)
  A big kobold (D:3)
  An orc wizard (D:3)
  A gnoll shaman (D:4)
  Jessica (D:2)
  A worker ant (D:4)
  Robin (D:2)
  5 adders
  An ooze (D:3)
  An adder zombie (D:3)
  5 worms
  2 dart slugs
  A leopard gecko (D:2)
  13 orcs
  2 ball pythons (D:2)
  4 giant cockroaches
  16 goblins
  15 hobgoblins
  4 jackals (D:3)
  3 quokkas
  10 bats
  A frilled lizard (D:2)
  12 kobolds
  5 rats
107 creatures vanquished.

Notes
Turn   | Place    | Note
-------+----------+-------------------------------------------
     0 | D:1      | KristoblXynda the Draconian Gladiator began the quest for the Orb.
     0 | D:1      | Reached XP level 1. HP: 17/17 MP: 1/1
   114 | D:1      | Reached XP level 2. HP: 5/24 MP: 2/2
   363 | D:1      | You fall through a shaft!
   420 | D:2      | Noticed Robin
   440 | D:2      | Reached XP level 3. HP: 29/29 MP: 3/3
   445 | D:2      | Reached skill level 1 in Stealth
   679 | D:2      | Noticed Jessica
   753 | D:2      | Killed Jessica
   753 | D:2      | Reached XP level 4. HP: 26/36 MP: 4/4
   787 | D:2      | Found a shattered altar of Ashenzari.
   792 | D:2      | Became a worshipper of Ashenzari the Shackled
  1212 | D:2      | Killed Robin
  1688 | D:3      | Found a hazy altar of Hepliaklqana.
  1811 | D:3      | Noticed Doomer's ghost (amateur DsVM)
  1860 | D:2      | Reached skill level 4 in Staves
  2144 | D:3      | Reached XP level 5. HP: 41/41 MP: 5/5
  2431 | D:3      | HP: 2/41 [orc wizard/dagger (2)]
  2752 | D:3      | Killed Doomer's ghost
  2752 | D:3      | Reached XP level 6. HP: 17/48 MP: 6/6
  3694 | D:4      | Found an ancient bone altar of Kikubaaqudgha.
  3704 | D:4      | Found a snail-covered altar of Cheibriados.
  3729 | D:4      | Found a white marble altar of Elyvilon.
  3774 | D:4      | Reached skill level 5 in Staves
  3794 | D:4      | Slain by a gnoll

Vault maps used:
D:1:      dpeg_arrival_fog, dk_noncrumbling_3, serial_bayou_pond_e
D:2:      ashenzari_altar_1, uniq_jessica, uniq_robin
D:3:      cheibrodos_thug_alley, old_standard_altar
D:4:      nicolae_overflow_crystal_walls, nicolae_overflow_hidden_temple,
          overflow_temple_1_default, first_bread

Skill      XL: |  1  2  3  4  5  6 |
---------------+-------------------+-----
Throwing       | 2 |  2.2
Dodging        | 3 4 |  4.4
Stealth        | 1 2 3 |  3.6
Staves         | 4 5 |  5.0
Fighting       | |  2.1
Evocations     | |  0.8

Action                   |  1- 3 |  4- 6 || total
-------------------------+-------+-------++-------
Melee: Quarterstaff      |    74 |   235 ||   309
       Tailslap          |     8 |    29 ||    37
       Staff             |       |    18 ||    18
Throw: Throwing net      |     1 |       ||     1
Invok: Curse Item        |       |     1 ||     1
Evoke: Wand              |       |     8 ||     8
  Use: Scroll            |       |     6 ||     6
       Potion            |       |     2 ||     2
 Stab: Sleeping          |     2 |     3 ||     5
  Eat: Meat ration       |       |     2 ||     2
       Chunk             |       |     3 ||     3
Armor: Skin              |    46 |    71 ||   117
Dodge: Dodged            |    56 |   185 ||   241
